 Dungeon Crawl Stone Soup version 0.24-a0-443-g80245de385 (webtiles) character file.

Game seed: 850289767514768496

68 sloany69 the Covered (level 4, -22/40 HPs)
             Began as a Minotaur Fighter on June 21, 2019.
             Annihilated by an orc warrior
             ... wielding a cursed +0 glaive
              (26 damage)
             ... on level 2 of the Dungeon.
             The game lasted 00:03:18 (1245 turns).

sloany69 the Covered (Minotaur Fighter)             Turns: 1245, Time: 00:03:18

Health: -22/40     AC:  7    Str: 22    XL:     4   Next: 1%
Magic:  3/3        EV:  7    Int:  5    God:
Gold:   69         SH:  9    Dex:  9    Spells: 3/3 levels left

rFire    . . .     SeeInvis .   a - +0 war axe
rCold    . . .     Gourm    .   c - +0 shield
rNeg     . . .     Faith    .   b - +0 scale mail
rPois    .         Spirit   .   (helmet restricted)
rElec    .         Reflect  .   (no cloak)
rCorr    .         Harm     .   (no gloves)
MR       .....                  (no boots)
Stlth    ..........             (no amulet)
HPRegen  0.13/turn              (no ring)
MPRegen  0.08/turn              (no ring)

@: lethally poisoned (-22 -> -25)
A: retaliatory headbutt, horns 2
a: no special abilities


You were on level 2 of the Dungeon.
You were not hungry.

You visited 1 branch of the dungeon, and saw 2 of its levels.

You collected 69 gold pieces.

Inventory:

Hand Weapons
 a - a +0 war axe (weapon)
 g - a +0 hunting sling
Missiles
 m - 19 stones (quivered)
Armour
 b - a +0 scale mail (worn)
 c - a +0 shield (worn)
Jewellery
 k - a cursed ring of teleportation {unknown}
Scrolls
 j - a scroll of identify {unknown}
Potions
 d - a potion of might
 e - 2 potions of haste {unknown}
 h - 3 potions of heal wounds {unknown}
 i - a potion of lignification {unknown}
Comestibles
 f - 3 rations


   Skills:
 + Level 4.1 Fighting
 + Level 3.6 Axes
 + Level 4.3 Armour
 + Level 0.1 Dodging
 + Level 4.2 Shields


You had 3 spell levels left.
You didn't know any spells.
Your spell library was empty.

Dungeon Overview and Level Annotations

Branches:
Dungeon (2/15)

Altars:


Innate Abilities, Weirdness & Mutations

You reflexively headbutt those who attack you in melee.
You have a pair of horns on your head.


Message History

The adder bites you.
You are more poisoned.
The adder poisons you!
You barely miss the adder.
You feel sick. You block the adder's attack.
The orc warrior closely misses you. The adder bites you but does no damage.
You slash the adder!
You kill the adder!
You have reached level 4!
You feel stronger.
You feel sick.
The orc warrior hits you from afar with a cursed +0 glaive!
* * * LOW HITPOINT WARNING * * *
You block the orc warrior's attack.
You see here an adder corpse.
You butcher the adder corpse.
* * * LOW HITPOINT WARNING * * *
You feel sick.
The orc warrior hits you from afar with a cursed +0 glaive!!
Ouch! That really hurt!
You die...

##. .###### #. ... ......####.
.$.. ......+ (.. .....
#######......# #.# .#...#####
............####.. ........o
................
#......##########.........###..
#......o.o..##.)....... #.#
#....#######@##......... #..
#....# #............. ###
#..... #..#.......... #. #.....
#..#.#+####### #. #.....#
#..#.#.# #. #.....# #..#.#.# #.
#.....# #..#<#.###########.
#####..###.............
.................#######


You could see an orc warrior and an orc.

Vanquished Creatures
  4 adders (D:2)
  2 worms (D:2)
  2 bats
  6 goblins
  2 hobgoblins (D:1)
  4 kobolds
  2 frilled lizards
  6 rats
28 creatures vanquished.

Notes
Turn   | Place    | Note
-------+----------+-------------------------------------------
     0 | D:1      | sloany69 the Minotaur Fighter began the quest for the Orb.
     0 | D:1      | Reached XP level 1. HP: 19/19 MP: 0/0
   315 | D:1      | Reached XP level 2. HP: 27/27 MP: 1/1
   948 | D:2      | Reached XP level 3. HP: 33/33 MP: 2/2
  1222 | D:2      | Noticed an orc warrior
  1243 | D:2      | Reached XP level 4. HP: 13/40 MP: 3/3
  1245 | D:2      | Annihilated by an orc warrior

Levels and vault maps discovered:
D:1:      shiori_arrival_maze, layout_basic
D:2:      layout_basic, overflow_temple_1_default, first_ration, minmay_domino_2

Skill      XL: |  1  2  3 |
---------------+----------+-----
Armour         | 4 |  4.3
Fighting       | 4 |  4.1
Shields        | 4 |  4.2
Axes           | 3 |  3.6
Dodging        | |  0.1

Action                   |  1- 3 |  4- 6 || total
-------------------------+-------+-------++-------
Melee: War axe           |    70 |       ||    70
       Headbutt          |     7 |       ||     7
  Eat: Chunk             |     1 |       ||     1
Armor: Scale mail        |    44 |       ||    44
Dodge: Dodged            |    23 |       ||    23
Block: Shield            |    48 |     1 ||    49

Table legend:
 A = Non-vault XP
 B = Vault XP
 C = Vault XP percentage of total XP
 D = Non-vault monster count
 E = Vault monster count
 F = Vault count percentage of total count
                 A         B        C        D         E       F
            +---------+---------+-------+---------+---------+-------
      Total |      95 |       3 |   3.1 |      26 |       2 |   7.1
            +---------+---------+-------+---------+---------+-------
        D:1 |      17 |       3 |  15.0 |      10 |       2 |  16.7
        D:2 |      78 |       0 |   0.0 |      16 |       0 |   0.0
            +---------+---------+-------+---------+---------+-------
